 Dungeon Crawl Stone Soup version 0.28-a0-1356-g2ad6d04315 (webtiles) character file.

Game seed: 17276913080146991890

2131 ders the Geomancer (level 9, -26/45 HPs)
             Began as a Gargoyle Earth Elementalist on Dec 31, 2021.
             Killed from afar by Maggie (31 damage)
             ... with a bolt of fire
             ... on level 7 of the Dungeon.
             The game lasted 00:08:23 (8420 turns).

ders the Geomancer (Gargoyle Earth Elementalist)    Turns: 8420, Time: 00:08:23

Health: -26/45     AC: 10    Str: 15    XL:     9   Next: 30%
Magic:  0/18       EV: 11    Int: 17    God:
Gold:   324        SH:  0    Dex: 10    Spells: 12/20 levels left

rFire   . . .      SeeInvis .   C - +2 short sword (venom)
rCold   . . .      Faith    .   (no shield)
rNeg    + . .      Spirit   .   b - +0 robe
rPois   ∞          Reflect  .   (no helmet)
rElec   +          Harm     .   A - +1 cloak
rCorr   .          Rampage  .   (no gloves)
Will    .....                   (no boots)
Stlth   ++........              (no amulet)
HPRegen 0.15/turn               (no ring)
MPRegen 0.16/turn               (no ring)

@: mesmerised
A: sickness immunity, AC +6, negative energy resistance 1, electricity
resistance, torment resistance 1, petrification resistance
a: no special abilities


You were on level 7 of the Dungeon.
You visited 1 branch of the dungeon, and saw 7 of its levels.
You also visited: Sewer.

You collected 324 gold pieces.

Inventory:

Hand Weapons
 y - a +0 vorpal scythe
 C - a +2 short sword of venom (weapon)
Missiles
 c - 168 stones
Armour
 b - a +0 robe (worn)
 j - an orb of guile
 A - a +1 cloak (worn)
Wands
 n - a wand of acid (16)
 o - a wand of flame (14)
 x - a wand of polymorph (7)
 E - a wand of mindburst (17)
Scrolls
 a - a scroll of enchant armour {unknown}
 e - 2 scrolls of enchant weapon {unknown}
 h - 5 scrolls of teleportation {unknown}
 i - 2 scrolls of amnesia {unknown}
 l - a scroll of fear
 m - 2 scrolls of silence {unknown}
 r - 2 scrolls of magic mapping
 s - 2 scrolls of summoning {unknown}
 t - a scroll of fog {unknown}
 v - a scroll of vulnerability {unknown}
 w - a scroll of identify
Potions
 d - 3 potions of magic {unknown}
 f - 3 potions of attraction
 g - 3 potions of mutation
 k - 2 potions of curing {unknown}
 p - 2 potions of might {unknown}
 q - 2 potions of brilliance {unknown}
 u - a potion of cancellation {unknown}
 z - a potion of heal wounds {unknown}
 B - a potion of haste {unknown}
 D - a potion of flight {unknown}
 F - 2 potions of degeneration {unknown}


   Skills:
 - Level 1.5 Dodging
 - Level 2.1 Stealth
 + Level 6.4 Spellcasting
 + Level 7.2 Conjurations
 - Level 0.7 Transmutations
 + Level 2.2 Fire Magic
 + Level 8.9 Earth Magic


You had 12 spell levels left.
You knew the following spells:

 Your Spells              Type           Power      Damage    Failure   Level
a - Sandblast             Erth           72%        2d16      1%          1
b - Stone Arrow           Conj/Erth      66%        3d11      1%          3
c - Flame Wave            Conj/Fire      21%        2d6       17%         4

Your spell library contained the following spells:

 Spells                   Type           Power      Damage    Failure   Level
 Passwall                 Tmut/Erth      17%        N/A       2%          2
 Scorch                   Fire           26%        2d6       8%          2
 Dazzling Flash           Conj/Hex       34%        N/A       9%          3
 Petrify                  Tmut/Erth      21%        N/A       17%         4
 Iskenderun's Mystic Bla  Conj/Tloc      17%        2d5       28%         4
 Starburst                Conj/Fire      10%        6d5       95%         6
 Summon Cactus Giant      Summ           2%         N/A       100%        6


Dungeon Overview and Level Annotations

Branches:
Dungeon (7/15)             Temple (0/1) D:5           Sewer (visited)

Altars:
Elyvilon
Makhleb
Zin

Annotations:
D:7 Maggie


Innate Abilities, Weirdness & Mutations

You are immune to sickness and miasma.
Your stone body is resilient. (AC +6)
You are immune to poison.
You resist negative energy. (rN+)
You are resistant to electric shocks. (rElec)
You are resistant to unholy torment.
You are immune to petrification.


Message History

Casting: Stone Arrow (safe; 1% risk of failure)
Confirm with . or Enter, or press ? or * to list all spells.
Aiming: Stone Arrow (safe; 1% risk of failure)
Press: ? - help, Shift-Dir - straight line, f/p - Maggie
Aim: Maggie, wielding a +1 glaive of flaming, wearing +0 swamp dragon scales and carrying a wand of charming (8) (severely wounded, mesmerising, 77% to hit)
The stone arrow misses Maggie.
Maggie barely misses you.
Unknown command.
Casting: Stone Arrow (safe; 1% risk of failure)
Confirm with . or Enter, or press ? or * to list all spells.
You don't have enough magic to cast this spell.
Casting: Stone Arrow (safe; 1% risk of failure)
Confirm with . or Enter, or press ? or * to list all spells.
You don't have enough magic to cast this spell.
Maggie hits you but does no damage.
You cannot move away from Maggie!
You cannot move away from Maggie!
Maggie zaps a wand.
You easily resist.
Casting: Stone Arrow (safe; 1% risk of failure)
Confirm with . or Enter, or press ? or * to list all spells.
Aiming: Sandblast (safe; 1% risk of failure)
Press: ? - help, Shift-Dir - straight line, f/p - Maggie
Aim: Maggie, wielding a +1 glaive of flaming, wearing +0 swamp dragon scales and carrying a wand of charming (7) (severely wounded, mesmerising, 84% to hit)
The blast of sand hits Maggie.
Maggie is almost dead.
Maggie casts a spell at you. The bolt of fire hits you!!
Unknown command.
Maggie gestures at you while chanting. The bolt of fire hits you!!
* * * LOW HITPOINT WARNING * * *
Your magical contamination has completely faded away.
You barely miss Maggie.
Maggie is almost dead.
Maggie hits you but does no damage.
You hit Maggie.
Maggie is almost dead.
Maggie points at you and mumbles some strange words.
The bolt of fire hits you!!
Ouch! That really hurt!
You die...

### ... ..##..#
#≈.....≈# ......
#≈.....≈# ....
#≈.≈.≈.≈# #.#
#..≈.≈..# ..####
#.≈...≈.#
.....####
#.≈...≈.#
..#.....#
#.......#
..#.....#
#.!.≈@@.#
........#
#≈.....≈#
.##.....#
#≈≈..^≈≈#
.##.....#
#.#..##.#
.....####
#.$.>...# .#####
###.##### ...#
#.# ##.# #####.#
##.#######.....#


You could see Maggie (mesmerising).

Vanquished Creatures
  Sigmund (D:5)
  Edmund (D:5)
  Duvessa (D:5)
  A black bear (D:5)
  An orc warrior (D:6)
  An ice beast (D:6)
  2 necrophages
  2 centaurs (D:6)
  A phantom (D:5)
  3 kobold brigands
  2 scorpions
  Dowan (D:4)
  A bullfrog skeleton (D:5)
  4 jellies
  2 centaur skeletons (D:6)
  An orc priest (D:6)
  Crazy Yiuf (D:5)
  A hound (D:6)
  2 iguanas (D:5)
  Jessica (D:2)
  Ijyb (D:5)
  An orc wizard (D:7)
  Natasha (thrice) (D:4)
  A killer bee zombie (D:6)
  An adder (Sewer)
  2 gnolls (D:5)
  6 river rats
  A white imp (D:7)
  6 worms
  2 dart slugs (D:2)
  9 orcs
  7 endoplasms
  5 giant cockroaches
  4 goblins
  6 hobgoblins
  9 quokkas
  8 ball pythons
  5 bats
  5 frilled lizards
  11 kobolds
  6 rats
129 creatures vanquished.

Vanquished Creatures (others)
  4 plants (D:5)
4 creatures vanquished.

Grand Total: 133 creatures vanquished

Notes
Turn   | Place    | Note
-------+----------+-------------------------------------------
     0 | D:1      | ders the Gargoyle Earth Elementalist began the quest for
                  | the Orb.
     0 | D:1      | Reached XP level 1. HP: 10/10 MP: 3/3
   243 | D:1      | Reached XP level 2. HP: 7/15 MP: 0/5
   421 | D:1      | Reached skill level 1 in Conjurations
   527 | D:1      | Reached skill level 4 in Earth Magic
   904 | D:1      | Reached XP level 3. HP: 19/19 MP: 4/6
  1293 | D:1      | Found a faded altar of an unknown god.
  1890 | D:2      | Found a burning altar of Makhleb.
  2317 | D:2      | Noticed Jessica
  2331 | D:2      | Killed Jessica
  2332 | D:2      | Reached XP level 4. HP: 24/24 MP: 1/8
  3071 | D:3      | You fall into a shaft and drop 3 floors!
  3072 | D:6      | Noticed a centaur
  3080 | D:6      | Killed a centaur
  3081 | D:6      | Reached skill level 5 in Earth Magic
  3081 | D:6      | Reached XP level 5. HP: 14/28 MP: 3/10
  3241 | D:6      | Learned a level 3 spell: Stone Arrow
  3255 | D:6      | Noticed an ice beast
  3258 | D:6      | Killed an ice beast
  3259 | D:6      | Reached XP level 6. HP: 32/32 MP: 1/11
  3325 | D:5      | Entered Level 5 of the Dungeon
  3366 | D:5      | Noticed Dowan
  3366 | D:5      | Noticed Duvessa
  3373 | D:5      | Killed Duvessa
  3374 | D:5      | Noticed a black bear
  3394 | D:4      | Killed Dowan
  3395 | D:4      | Reached skill level 6 in Earth Magic
  3395 | D:4      | Reached XP level 7. HP: 14/36 MP: 0/13
  3600 | D:4      | Found a glowing drain.
  3604 | Sewer    | Entered a sewer
  4501 | D:4      | Noticed Natasha
  4505 | D:4      | Killed Natasha
  4963 | D:4      | Noticed Natasha
  4967 | D:4      | Killed Natasha
  4968 | D:4      | Reached skill level 5 in Conjurations
  5095 | D:4      | Noticed Natasha
  5098 | D:4      | Killed Natasha
  5160 | D:5      | Reached skill level 5 in Spellcasting
  5160 | D:5      | Reached skill level 7 in Earth Magic
  5160 | D:5      | Reached XP level 8. HP: 34/41 MP: 0/15
  5403 | D:5      | Noticed Sigmund
  5407 | D:5      | Killed Sigmund
  5638 | D:5      | Found a staircase to the Ecumenical Temple.
  5744 | D:5      | Found a runed translucent door.
  5745 | D:5      | Noticed Crazy Yiuf
  5913 | D:5      | Noticed Ijyb
  5918 | D:5      | Killed Ijyb
  6176 | D:5      | Reached skill level 8 in Earth Magic
  6524 | D:5      | Noticed Edmund
  6528 | D:5      | Killed Edmund
  6802 | D:5      | Killed Crazy Yiuf
  7045 | D:5      | Learned a level 4 spell: Flame Wave
  7372 | D:6      | Reached XP level 9. HP: 45/45 MP: 14/18
  7484 | D:6      | Reached skill level 1 in Fire Magic
  8020 | D:6      | Found a white marble altar of Elyvilon.
  8037 | D:7      | Found a glowing silver altar of Zin.
  8406 | D:7      | Noticed Maggie
  8420 | D:7      | Killed from afar by Maggie

Illustrated notes

Levels and vault maps discovered:
D:1:      roderic_dead_forest, layout_basic, nicolae_ecumenical_lake_church
D:2:      layout_basic, basic_altar, uniq_jessica
D:3:      layout_basic, ebering_ghost_gozag, minivault_27
D:4:      layout_basic, gup_sewer_entry_bowl, minmay_statues_item, uniq_natasha
D:5:      wad_woods_tower, layout_loops_corners,
          minmay_temple_entry_glassed_door, uniq_ijyb, uniq_duvessa,
          uniq_crazy_yiuf_cottage, uniq_sigmund, uniq_edmund
D:6:      layout_basic, mainiacjoe_overflow_alcove_2
D:7:      layout_loops_cross, nicolae_overflow_crystal_walls,
          nicolae_uskayaw_suspiria, uniq_maggie

Skill      XL: |  1  2  3  4  5  6  7  8  9 |
---------------+----------------------------+-----
Conjurations   | 1 2 3 4 5 6 7 |  7.2
Earth Magic    | 4 5 6 7 8 |  8.9
Spellcasting   | 3 4 5 6 |  6.4
Fire Magic     | 2 |  2.2
Dodging        | |  1.5
Stealth        | |  2.1
Transmutations | |  0.7

Action                   |  1- 3 |  4- 6 |  7- 9 || total
-------------------------+-------+-------+-------++-------
Melee: Unarmed           |    15 |       |       ||    15
       Dagger            |     1 |    14 |       ||    15
       Scythe            |       |       |     3 ||     3
       Short sword       |       |       |     6 ||     6
 Cast: Sandblast         |    56 |    34 |    31 ||   121
       Stone Arrow       |       |     5 |   101 ||   106
  Use: Scroll            |       |       |     4 ||     4
 Stab: Sleeping          |       |       |     1 ||     1
Armor: Robe              |    22 |    16 |    11 ||    49
Dodge: Dodged            |    30 |    25 |    27 ||    82

Table legend: (Time is in decaauts)
 A = Elapsed time spent in this place.
 B = Non-inter-level travel time spent in this place.
 C = Inter-level travel time spent in this place.
 D = Time resting spent in this place.
 E = Time spent auto-exploring this place.
 F = Levels seen in this place.
 G = Mean time per level.
                   A        B        C        D        E       F      G
               +--------+--------+--------+--------+--------+-----+--------+
         Total |   8473 |   8267 |    206 |   1907 |   5408 |   8 | 1059.1 |
       Dungeon |   7648 |   7442 |    206 |   1776 |   4837 |   7 | 1092.6 |
         Sewer |    824 |    824 |      0 |    131 |    571 |   1 |  824.0 |
               +--------+--------+--------+--------+--------+-----+--------+

Top non-repeatable levels by time:
     D:5: 1967 daAuts
     D:1: 1651 daAuts
     D:6: 1213 daAuts
     D:4: 1012 daAuts
     D:2: 925 daAuts
   Sewer: 824 daAuts
     D:3: 493 daAuts
     D:7: 383 daAuts
